 Dungeon Crawl Stone Soup version 0.24.0-35-gdb84b6a5db (webtiles) character file.

Game seed: 5323098541653570090, levelgen mode: deterministic

80 Curus the Chopper (level 4, -3/39 HPs)
             Began as a Hill Orc Abyssal Knight on Nov 17, 2019.
             Was a Follower of Lugonu.
             Slain by Crazy Yiuf
             ... wielding a +4 quarterstaff of chaos
              (19 damage)
             ... on level 2 of the Dungeon.
             The game lasted 00:07:26 (1609 turns).

Curus the Chopper (Hill Orc Abyssal Knight)         Turns: 1609, Time: 00:07:27

Health: -3/39      AC:  7    Str: 15 (16) XL:     4   Next: 39%
Magic:  7/7        EV:  9    Int: 11 (12) God:    Lugonu [*.....]
Gold:   113        SH:  0    Dex: 10 (13) Spells: 3/3 levels left

rFire    . . .     SeeInvis .   a - +1 hand axe
rCold    . . .     Gourm    .   (no shield)
rNeg     . . .     Faith    .   i - +0 scale mail
rPois    .         Spirit   .   (no helmet)
rElec    .         Reflect  .   (no cloak)
rCorr    .         Harm     .   (no gloves)
MR       +....                  e - +0 pair of boots
Stlth    ..........             (no amulet)
HPRegen  0.13/turn              f - ring of protection from magic
MPRegen  0.10/turn              (no ring)

@: lightly drained
A: agile 1, strong 1, subdued magic 1
a: Depart the Abyss, Renounce Religion


You were on level 2 of the Dungeon.
You worshipped Lugonu.
Lugonu was aware of your devotion.
You were not hungry.

You visited 1 branch of the dungeon, and saw 2 of its levels.
You visited the Abyss 1 time.

You collected 113 gold pieces.

Inventory:

Hand Weapons
 a - a +1 hand axe (weapon)
Armour
 b - a +0 leather armour
 d - a +1 leather armour of poison resistance
 e - a +0 pair of boots (worn)
 i - a +0 scale mail (worn)
 j - a +0 ring mail
Jewellery
 f - a ring of protection from magic (left hand)
Scrolls
 g - a scroll of remove curse
 h - 3 scrolls of identify
Comestibles
 c - 7 rations


   Skills:
 - Level 3.6(3.3) Fighting
 + Level 4.6(4.3) Axes
 - Level 2.1(1.9) Armour
 - Level 0.7(0.4) Dodging
 + Level 4.4(4.1) Invocations


You had 3 spell levels left.
You didn't know any spells.
Your spell library was empty.

Dungeon Overview and Level Annotations

Branches:
Dungeon (2/15)

Altars:
Qazlal
Vehumet

Annotations:
D:2 Crazy Yiuf


Innate Abilities, Weirdness & Mutations

You are agile. (Dex +2)
Your muscles are strong. (Str +2)
Your spells are a little easier to cast, but a little less powerful.


Message History

Crazy Yiuf shouts!
Crazy Yiuf screams, "Earwax alas leg!"
You open the door. You hit Crazy Yiuf but do no damage.
Crazy Yiuf hits you with a +4 quarterstaff of chaos!
Crazy Yiuf burns you.
You hit Crazy Yiuf.
Crazy Yiuf is moderately wounded.
Crazy Yiuf barely misses you.
You slash Crazy Yiuf!
Crazy Yiuf is heavily wounded.
Crazy Yiuf closely misses you.
You hit Crazy Yiuf.
Crazy Yiuf is almost dead.
Crazy Yiuf hits you with a +4 quarterstaff of chaos.
You feel drained.
You hit Crazy Yiuf but do no damage.
Crazy Yiuf is almost dead.
Crazy Yiuf hits you but does no damage.
You are electrocuted!!
You die...

####.####
#.#########
........#
#.........#
.#...#..#
###.#####.#
###.###.# ### #.#
.#...#..# #.#
..._....# #.#
.#...#..# ###
#####.# ###.###.#
#)..### ##.....#
.#...#..#
#...g@####......#
........#
#...##..#......##
#..###.### ###
###.#....## ...#
#...# ########
#..# ##### #..#
### #..# #.#
...######## #.#
..........# #.#


You could see Crazy Yiuf.

Vanquished Creatures
  4 adders (D:2)
  An ooze (D:2)
  2 worms (D:2)
  6 bats
  3 giant cockroaches (D:2)
  6 goblins
  3 hobgoblins (D:1)
  5 kobolds
  A quokka (D:2)
  A frilled lizard (D:2)
  3 rats
35 creatures vanquished.

Notes
Turn   | Place    | Note
-------+----------+-------------------------------------------
     0 | Abyss:1  | Curus the Hill Orc Abyssal Knight began the quest for the
                  | Orb.
     0 | Abyss:1  | Reached XP level 1. HP: 19/19 MP: 2/2
    79 | Abyss:1  | Noticed a thrashing horror
    80 | D:1      | Escaped the Abyss
    96 | D:1      | Reached * piety under Lugonu
   132 | D:1      | Reached XP level 2. HP: 21/26 MP: 4/4
   592 | D:2      | Reached XP level 3. HP: 16/31 MP: 5/5
   824 | D:2      | Found a stormy altar of Qazlal.
  1046 | D:2      | Gained mutation: Your muscles are strong. (Str +2) [potion
                  | of mutation]
  1046 | D:2      | Gained mutation: Your spells are a little easier to cast,
                  | but a little less powerful. [potion of mutation]
  1046 | D:2      | Gained mutation: You are agile. (Dex +2) [potion of
                  | mutation]
  1075 | D:2      | Reached XP level 4. HP: 36/39 MP: 7/7
  1154 | D:2      | Found a radiant altar of Vehumet.
  1367 | D:2      | Found a faded altar of an unknown god.
  1440 | D:2      | Found a runed translucent door.
  1441 | D:2      | Noticed Crazy Yiuf
  1609 | D:2      | Slain by Crazy Yiuf

Levels and vault maps discovered:
D:1:      minmay_arrival_checkered_box, layout_rooms
D:2:      layout_loops_ring, vehumet_crystals, lemuel_doored_altar,
          chequers_ecumenical_altar_grove, first_ration,
          roderic_cross_of_infinity, uniq_crazy_yiuf_cottage

Skill      XL: |  1  2  3 |
---------------+----------+-----
Axes           | 3 4 |  4.6
Invocations    | 3 4 |  4.4
Fighting       | |  3.6
Armour         | |  2.1
Dodging        | |  0.7

Action                   |  1- 3 |  4- 6 || total
-------------------------+-------+-------++-------
Melee: Hand axe          |   115 |    37 ||   152
Invok: Depart the Abyss  |     1 |       ||     1
  Use: Scroll            |     6 |       ||     6
       Potion            |     4 |       ||     4
  Eat: Chunk             |     1 |     1 ||     2
Armor: Leather armour    |    36 |       ||    36
       Ring mail         |     1 |       ||     1
       Scale mail        |       |    10 ||    10
Dodge: Dodged            |    71 |    16 ||    87
